 Dungeon Crawl Stone Soup version 0.16.1-11-g651b585 (webtiles) character file.

88 karlm the Chucker (level 4, -11/46 HPs)
             Began as an Ogre Hunter on Apr 5, 2015.
             Was an Initiate of Trog.
             Killed by divine providence
             ... invoked by an orc priest
              (15 damage)
             ... on level 3 of the Dungeon.
             The game lasted 00:04:32 (2069 turns).

karlm the Chucker (Ogre Hunter)                     Turns: 2069, Time: 00:04:32

Health: -11/46     AC:  4    Str: 17    XL:     4   Next: 54%
Magic:  4/4        EV: 10    Int: 10    God:    Trog [......]
Gold:   188        SH:  0    Dex: 11    Spells: 0 memorised, 3 levels left

rFire  . . .     SeeInvis .     p - +0 club
rCold  . . .     Clarity  .     d - +0 animal skin
rNeg   . . .     SustAb   .     (shield restricted)
rPois  .         Gourm    .     (helmet restricted)
rElec  .         Spirit   .     l - +0 cloak
rCorr  .         Warding  .     (gloves unavailable)
rMut   .         Stasis   .     (boots unavailable)
MR     .....                    (no amulet)
Stlth  +.........               (no ring)
                                (no ring)

@: not resistant to hostile enchantments, very unstealthy
A: unfitting armour, tough skin 1
a: Burn Spellbooks, Renounce Religion


You were on level 3 of the Dungeon.
You worshipped Trog.
Trog was noncommittal.
You were not hungry.

You visited 1 branch of the dungeon, and saw 3 of its levels.

You collected 188 gold pieces.

Inventory:

Hand weapons
 p - a +0 club (weapon)
Missiles
 j - 61 stones (quivered)
Armour
 d - a +0 animal skin (worn)
 l - a +0 cloak (worn)
Jewellery
 n - an uncursed ring of teleportation
Scrolls
 a - a scroll of identify {unknown}
 e - a scroll of remove curse
 g - a scroll of teleportation {unknown}
 i - a scroll of enchant armour {unknown}
 m - 2 scrolls of immolation {unknown}
 o - 3 scrolls of fog {unknown}
 q - a scroll of recharging {unknown}
Potions
 k - a potion of poison {unknown}
Comestibles
 f - a meat ration
 h - 2 chunks of flesh


   Skills:
 + Level 3.6 Fighting
 * Level 2.4 Maces & Flails
 - Level 4.7 Throwing
 + Level 2.6 Dodging
 - Level 1.3 Stealth


You had 3 spell levels left.
You didn't know any spells.

Dungeon Overview and Level Annotations

Branches:
Dungeon (3/15)

Altars:
Dithmenos
Okawaru
Trog
Yredelemnul


Innate Abilities, Weirdness & Mutations

You are too large for most types of armour.
You have tough skin (AC +1).


Message History

You hit the orc priest.
The orc priest is lightly wounded.
The orc priest calls down the wrath of Beogh upon you.
Something smites you!
* * * LOW HITPOINT WARNING * * *
You hit the orc priest.
The orc priest is moderately wounded.
You hit the orc.
The orc is heavily wounded.
The orc hits you but does no damage.
You barely miss the orc.
The orc is heavily wounded.
The orc priest's eyes start to glow.
The orc hits you with a dagger.
* * * LOW HITPOINT WARNING * * *
You completely miss the orc.
The orc is heavily wounded.
The orc priest mumbles some strange prayers to Beogh against you.
Something smites you!
You die...

#.#.###########....#
..#.....<...#...#..###
..#.#######.#...#......
......# #......###.#
####### #.......##.# #
##.##.>....# #
#....#...... #
#.........# .
#.o@......+ ##
#..o......# ###o#######
#g# #o. .(. ##. .. .


You could see 2 orc priests, 2 orcs and a goblin.

Vanquished Creatures
  An orc priest (D:3)
  An adder (D:2)
  A worm (D:3)
  2 giant geckos (D:2)
  An ooze (D:2)
  8 orcs (D:3)
  A ball python (D:2)
  3 bats
  A giant cockroach (D:3)
  3 hobgoblins
  3 giant newts
  5 goblins
  A kobold (D:1)
  5 rats
  A plant (D:1)
37 creatures vanquished.

Notes
Turn   | Place    | Note
--------------------------------------------------------------
     0 | D:1      | karlm, the Ogre Hunter, began the quest for the Orb.
     0 | D:1      | Reached XP level 1. HP: 22/22 MP: 1/1
   885 | D:2      | Reached skill level 1 in Stealth
   927 | D:2      | Reached XP level 2. HP: 27/29 MP: 2/2
  1041 | D:2      | Found a shadowy altar of Dithmenos.
  1059 | D:2      | Found a basalt altar of Yredelemnul.
  1059 | D:2      | Found a bloodstained altar of Trog.
  1068 | D:2      | Became a worshipper of Trog the Wrathful
  1172 | D:2      | Reached XP level 3. HP: 34/37 MP: 3/3
  1536 | D:3      | Reached skill level 1 in Maces & Flails
  1857 | D:3      | Found an iron altar of Okawaru.
  2046 | D:3      | Reached XP level 4. HP: 46/46 MP: 4/4
  2069 | D:3      | Killed from afar by an orc priest

Action                   |  1- 3 |  4- 6 || total
-------------------------+-------+-------++-------
Melee: Short sword       |   107 |       ||   107
       Club              |    51 |    13 ||    64
Throw: Large rock        |     8 |     4 ||    12
       Throwing net      |       |     2 ||     2
       Stone             |       |     1 ||     1
  Use: Scroll            |     1 |       ||     1
  Eat: Chunk             |     4 |       ||     4
